 Dungeon Crawl Stone Soup version 0.21-a0-401-g0b6bec4 (webtiles) character file.

8869 tidbits the Thaumaturge (level 11, -5/85 HPs)
             Began as a Gnoll Skald on Oct 22, 2017.
             Was a High Priest of Cheibriados.
             Slain by an ice devil (22 damage)
             ... in an ice cave.
             The game lasted 00:35:16 (3266 turns).

tidbits the Thaumaturge (Gnoll Skald)               Turns: 3266, Time: 00:35:17

Health: -5/85      AC: 12    Str: 26    XL:     11   Next: 37%
Magic:  15/23      EV: 20    Int: 30    God:    Cheibriados [*****.]
Gold:   283        SH:  0    Dex: 27    Spells: 12/26 levels left

rFire    . . .     SeeInvis +   a - +3 battleaxe
rCold    . . .     Gourm    .   (shield currently unavailable)
rNeg     . . .     Faith    .   B - +0 troll leather armour
rPois    .         Spirit   .   E - +2 helmet
rElec    .         Reflect  .   (no cloak)
rCorr    +         Harm     .   G - +1 pair of gloves
MR       .....                  F - +0 pair of boots
Stlth    ++++......             (no amulet)
HPRegen  0.64/turn              v - ring of resist corrosion
MPRegen  0.18/turn              I - ring of see invisible

@: very slow
A: distributed training, fangs 1, strong nose
a: Bend Time, Temporal Distortion, Slouch, Step From Time, Renounce Religion


You were in an ice cave.
You worshipped Cheibriados.
Cheibriados was extremely pleased with you.
You were not hungry.

You visited 2 branches of the dungeon, and saw 12 of its levels.
You also visited: Bailey and Ice Cave.

You collected 427 gold pieces.
You spent 144 gold pieces at shops.

Inventory:

Hand Weapons
 a - a +3 battleaxe (weapon)
 b - a +1 demon trident of freezing
   (You found it in an ice cave)
 m - a +0 hand axe of venom
   (You found it on level 1 of the Dungeon)
 x - a +2 flail of protection
   (You took it off an orc on level 3 of the Dungeon)
 A - a +0 war axe
 J - a +2 glaive of freezing
   (You found it in an ice cave)
 W - a +0 blowgun
 Y - a +0 broad axe of holy wrath
   (You found it on level 10 of the Dungeon)
Missiles
 g - 30 sling bullets
 h - 117 arrows
 i - 3 tomahawks (quivered)
 n - 37 bolts
 U - 2 throwing nets {!f}
Armour
 B - a +0 troll leather armour (worn)
 E - a +2 helmet (worn)
 F - a +0 pair of boots (worn)
 G - a +1 pair of gloves (worn)
Jewellery
 f - an uncursed amulet of guardian spirit
   (You found it on level 10 of the Dungeon)
 v - a ring of resist corrosion (left hand)
   (You found it on level 4 of the Dungeon)
 I - a ring of see invisible (right hand)
   (You found it on level 4 of the Dungeon)
Wands
 K - a wand of digging (6/24)
 N - a wand of flame (29/48)
 O - a wand of disintegration (14/24)
 S - a wand of polymorph (11/24)
 T - a wand of paralysis (6/24)
Scrolls
 e - 2 scrolls of enchant armour
 j - a scroll of fear {unknown}
 l - a scroll of blinking {unknown}
 r - 4 scrolls of remove curse
 t - 2 scrolls of immolation {unknown}
 u - a scroll of noise {unknown}
 w - 3 scrolls of magic mapping
 y - a scroll of fog {unknown}
 z - 7 scrolls of teleportation {unknown}
 R - a scroll of enchant weapon {unknown}
 Z - 2 scrolls of recharging {unknown}
Potions
 k - a potion of agility
 o - 4 potions of curing
 p - a potion of brilliance
 s - a potion of lignification
 C - 2 potions of cancellation
 D - a potion of mutation {unknown}
 L - a potion of might
 M - 2 potions of invisibility
Books
 c - a book of Battle

   Spells                             Type                      Level
   a - Infusion                       Charms                       1
   b - Shroud of Golubria             Charms/Translocation         2
   c - Song of Slaying                Charms                       2
   d - Spectral Weapon                Hexes/Charms                 3
   e - Regeneration                   Charms/Necromancy            3
 H - the Compendium of Blistering Creation
   (You found it on level 7 of the Dungeon)

   Spells                             Type                      Level
   a - Call Imp                       Summoning                    2
   b - Conjure Flame                  Conjuration/Fire             3
   c - Recall                         Summoning/Translocation      3
   d - Summon Demon                   Summoning                    5
   e - Ring of Flames                 Charms/Fire                  7
Comestibles
 d - 11 bread rations
 q - 4 meat rations
 X - a royal jelly


   Skills:
 + Level 7.7 Fighting
 + Level 6.1 Short Blades
 + Level 6.1 Long Blades
 + Level 7.7 Axes
 + Level 6.1 Maces & Flails
 + Level 6.1 Polearms
 + Level 6.1 Staves
 + Level 6.1 Slings
 + Level 6.1 Bows
 + Level 6.1 Crossbows
 + Level 6.1 Throwing
 + Level 6.7 Armour
 + Level 7.7 Dodging
 + Level 6.1 Stealth
 + Level 6.1 Shields
 + Level 6.1 Unarmed Combat
 + Level 8.0 Spellcasting
 + Level 5.0 Conjurations
 + Level 5.0 Hexes
 + Level 7.5 Charms
 + Level 5.0 Summonings
 + Level 5.0 Necromancy
 + Level 5.0 Translocations
 + Level 5.0 Transmutations
 + Level 5.0 Fire Magic
 + Level 5.0 Ice Magic
 + Level 5.0 Air Magic
 + Level 5.0 Earth Magic
 + Level 5.0 Poison Magic
 + Level 6.7 Invocations
 + Level 6.1 Evocations


You had 12 spell levels left.
You knew the following spells:

 Your Spells              Type           Power        Failure   Level  Hunger
c - Conjure Flame         Conj/Fire      #####...     1%          3    None
g - Shroud of Golubria    Chrm/Tloc      ######....   1%          2    None
i - Infusion              Chrm           ####         1%          1    None
r - Regeneration          Chrm/Necr      ######....   1%          3    None
w - Spectral Weapon       Hex/Chrm       ######..     1%          3    None
y - Song of Slaying       Chrm           ######..     1%          2    None


Dungeon Overview and Level Annotations

Branches:
Dungeon (11/15)            Temple (1/1) D:5
   Lair: D:8-11         Orc: D:9-12

Altars:
Ashenzari
Cheibriados
Dithmenos
Elyvilon
Fedhas
Hepliaklqana
Kikubaaqudgha
Makhleb
Nemelex Xobeh
Okawaru
Qazlal
Ru
Sif Muna
Uskayaw
Vehumet
Wu Jian
Xom
Yredelemnul
Zin
The Shining One

Shops:
D:6 !

Annotations:
D:4 Blork the orc


Innate Abilities, Weirdness & Mutations

Your experience applies equally to all skills.
You have very sharp teeth.
Your uncanny sense of smell can sniff out nearby items.


Message History

A glaive of freezing.
The floor.
You see here a demon trident of freezing.
b - a demon trident of freezing You see here a glaive of freezing.
J - a glaive of freezing An ufetubus comes into view.
An ice devil comes into view.
The ice devil moves out of view.
The helpless ufetubus fails to defend itself.
You hit the ufetubus.
The ufetubus is heavily wounded.
The ufetubus hits you but does no damage.
The ufetubus misses you. x3
You slice the ufetubus!!
You kill the ufetubus!
Cheibriados appreciates the change of pace.
Throwing (i - inventory. (,) - cycle):
i - 4 tomahawks (quivered)
Press: ? - help, Shift-Dir - straight line, f - ice devil
Aim: an ice devil (hasn't noticed you)
You throw a tomahawk. The tomahawk hits the ice devil!
The ice devil is moderately wounded.
Casting: Spectral Weapon
Confirm with . or Enter, or press ? or * to list all spells.
You draw out your weapon's spirit!
The ice devil hits your spectral weapon.
Your spectral weapon shares its damage with you!
The ice devil freezes your spectral weapon.
Your spectral weapon resists.
Your spectral weapon shares its damage with you!
You swap places.
The ice devil barely misses you. The ice devil closely misses you.
You barely miss the ice devil.
The ice devil is moderately wounded.
Your spectral weapon hits the ice devil!!
The ice devil hits your spectral weapon!
Your spectral weapon shares its damage with you!
The ice devil freezes your spectral weapon!
Your spectral weapon resists.
Your spectral weapon shares its damage with you!
Your spectral weapon fades away.
You slice the ice devil like a ripe choko!!!
You kill the ice devil!
Cheibriados thoroughly appreciates the change of pace.
Your Spellcasting skill increases to level 8!
Casting: Spectral Weapon
Confirm with . or Enter, or press ? or * to list all spells.
Your skin crawls.
Your skin is crawling a little less now.
Your skin stops crawling.
Really walk into that cloud of freezing vapour? 3 ice devils come into view.
You are engulfed in freezing vapours.
Really walk into that cloud of freezing vapour?
You are engulfed in freezing vapours.
The ice devil completely misses you.
Casting: Regeneration
Confirm with . or Enter, or press ? or * to list all spells.
You draw out your weapon's spirit!
The ice devil barely misses you. The ice devil completely misses you.
Okay, then.
Unknown command.
The flow of time bends around you.
Cheibriados rebukes the ice devil.
The ice devil seems to slow down.
Cheibriados rebukes the ice devil.
The ice devil seems to slow down.
You feel slightly more hungry.
The ice devil hits you but does no damage.
You closely miss the ice devil. Your bite misses the ice devil.
You closely miss the ice devil.
Your spectral weapon hits the ice devil.
Your spectral weapon misses the ice devil.
The ice devil hits you. The ice devil freezes you!!
* * * LOW HITPOINT WARNING * * *
You slash the ice devil!
The ice devil is heavily wounded.
You slash the ice devil!
Your spectral weapon hits the ice devil!
Your spectral weapon hits the ice devil but does no damage.
The ice devil hits you but does no damage.
The ice devil barely misses you.
You completely miss the ice devil. Your bite misses the ice devil.
The ice devil is almost dead.
You slash the ice devil!
Your spectral weapon hits the ice devil.
Your spectral weapon barely misses the ice devil.
The ice devil barely misses you.
The ice devil hits your spectral weapon.
Your spectral weapon shares its damage with you!
The ice devil freezes your spectral weapon!
Your spectral weapon resists.
Your spectral weapon shares its damage with you!
* * * LOW HITPOINT WARNING * * *
You slice the ice devil!!
You kill the ice devil!
Cheibriados appreciates the change of pace.
You barely miss the ice devil. The ice devil hits you!
* * * LOW HITPOINT WARNING * * *
The ice devil freezes you!!
You die...

#..###.#.## ..##
#...#.###.## #
..#≈##.....###.# ##.
..#≈≈#..#...####
.#..##.##≈#.......#
.....#..#≈....##..##
......#≈#..###...#
#..(#≈##.#.##..#
#.(@# ##....#..#
#..4###....##..#
###..4.##....#..##
#§§....##...##..#
#§§§..#..##..#..##
.§.§≈.###..####..#
§§§§§§ #...###.##
..§§.# ##..#..##
§§... ##....#


You could see 2 ice devils and a friendly spectral enchanted battleaxe.

Vanquished Creatures
  2 two-headed ogres
  An ugly thing (D:11)
  2 ice statues (IceCv)
  5 ice devils (IceCv)
  A merfolk (D:9)
  A troll (D:9)
  Prince Ribbit (D:8)
  2 hippogriffs
  2 wyverns
  2 hungry ghosts
  Menkaure (D:7)
  A water moccasin (D:6)
  A soldier ant (D:10)
  4 sky beasts
  An orc warrior (D:9)
  A black bear (D:7)
  2 ogres
  A phantom (D:10)
  A centaur (D:6)
  A big kobold (D:9)
  4 bullfrogs
  A wyvern skeleton (D:7)
  5 killer bees (D:8)
  2 scorpions
  5 wights (D:7)
  A howler monkey (D:9)
  A crimson imp (D:8)
  2 quasits
  2 centaur zombies
  2 hounds
  A jelly (D:5)
  5 orc priests
  2 iguanas
  11 orc wizards
  A centaur skeleton (D:8)
  2 bullfrog skeletons
  5 worker ants
  2 hound skeletons
  A worker ant zombie (D:7)
  4 gnolls (D:7)
  5 adders
  2 shadow imps
  19 white imps
  8 ufetubi (IceCv)
  An adder zombie (D:6)
  2 worms
  2 dart slugs
  3 leopard geckos
  20 orcs
  16 goblins
  2 jackals (D:4)
  10 kobolds
  3 ball pythons
  3 bats
  6 frilled lizards
  4 rats
198 creatures vanquished.

Vanquished Creatures (others)
  A reaper (IceCv)
  A white imp (IceCv)
  3 ufetubi (IceCv)
  3 spectral weapons (IceCv)
8 creatures vanquished.

Grand Total: 206 creatures vanquished

Notes
Turn   | Place    | Note
-------+----------+-------------------------------------------
     0 | D:1      | tidbits the Gnoll Skald began the quest for the Orb.
     0 | D:1      | Reached XP level 1. HP: 20/20 MP: 6/6
   100 | D:1      | Reached XP level 2. HP: 26/26 MP: 7/7
   113 | D:1      | Learned a level 2 spell: Song of Slaying
   116 | D:1      | Learned a level 2 spell: Shroud of Golubria
   322 | D:2      | Reached XP level 3. HP: 13/31 MP: 6/9
   331 | D:2      | Learned a level 3 spell: Regeneration
   336 | D:2      | Learned a level 3 spell: Spectral Weapon
   377 | D:2      | Reached skill level 5 in Spellcasting
   384 | D:2      | Found a hazy altar of Hepliaklqana.
   433 | D:2      | Reached skill level 1 in Invocations
   461 | D:1      | Reached skill level 1 in Short Blades
   461 | D:1      | Reached skill level 1 in Long Blades
   461 | D:1      | Reached skill level 1 in Maces & Flails
   461 | D:1      | Reached skill level 1 in Polearms
   461 | D:1      | Reached skill level 1 in Staves
   461 | D:1      | Reached skill level 1 in Slings
   461 | D:1      | Reached skill level 1 in Bows
   461 | D:1      | Reached skill level 1 in Crossbows
   461 | D:1      | Reached skill level 1 in Throwing
   461 | D:1      | Reached skill level 1 in Stealth
   461 | D:1      | Reached skill level 1 in Shields
   461 | D:1      | Reached skill level 1 in Unarmed Combat
   461 | D:1      | Reached skill level 1 in Evocations
   615 | D:2      | Reached XP level 4. HP: 38/38 MP: 11/11
   840 | D:4      | Noticed an ogre
   851 | D:4      | Killed an ogre
   851 | D:4      | Reached skill level 1 in Conjurations
   851 | D:4      | Reached skill level 1 in Hexes
   851 | D:4      | Reached skill level 1 in Summonings
   851 | D:4      | Reached skill level 1 in Necromancy
   851 | D:4      | Reached skill level 1 in Translocations
   851 | D:4      | Reached skill level 1 in Transmutations
   851 | D:4      | Reached skill level 1 in Fire Magic
   851 | D:4      | Reached skill level 1 in Ice Magic
   851 | D:4      | Reached skill level 1 in Air Magic
   851 | D:4      | Reached skill level 1 in Earth Magic
   851 | D:4      | Reached skill level 1 in Poison Magic
   851 | D:4      | Reached XP level 5. HP: 43/43 MP: 6/12
   925 | D:4      | Reached skill level 3 in Armour
  1086 | D:4      | Noticed Blork the orc
  1190 | D:5      | Entered Level 5 of the Dungeon
  1193 | D:5      | Found a staircase to the Ecumenical Temple.
  1203 | D:5      | Reached skill level 2 in Invocations
  1203 | D:5      | Reached XP level 6. HP: 47/50 MP: 8/13
  1214 | Temple   | Entered the Ecumenical Temple
  1258 | Temple   | Became a worshipper of Cheibriados the Contemplative
  1341 | D:6      | Noticed a water moccasin
  1354 | D:6      | Killed a water moccasin
  1354 | D:6      | Reached skill level 5 in Fighting
  1354 | D:6      | Reached skill level 2 in Short Blades
  1354 | D:6      | Reached skill level 2 in Long Blades
  1354 | D:6      | Reached skill level 5 in Axes
  1354 | D:6      | Reached skill level 2 in Maces & Flails
  1354 | D:6      | Reached skill level 2 in Polearms
  1354 | D:6      | Reached skill level 2 in Staves
  1354 | D:6      | Reached skill level 2 in Slings
  1354 | D:6      | Reached skill level 2 in Bows
  1354 | D:6      | Reached skill level 2 in Crossbows
  1354 | D:6      | Reached skill level 2 in Throwing
  1354 | D:6      | Reached skill level 5 in Dodging
  1354 | D:6      | Reached skill level 2 in Stealth
  1354 | D:6      | Reached skill level 2 in Shields
  1354 | D:6      | Reached skill level 2 in Unarmed Combat
  1354 | D:6      | Reached skill level 2 in Evocations
  1364 | D:6      | Noticed a sky beast
  1374 | D:6      | Reached XP level 7. HP: 23/56 MP: 12/15
  1466 | D:6      | Reached skill level 2 in Conjurations
  1466 | D:6      | Reached skill level 2 in Hexes
  1466 | D:6      | Reached skill level 2 in Summonings
  1466 | D:6      | Reached skill level 2 in Necromancy
  1466 | D:6      | Reached skill level 2 in Translocations
  1466 | D:6      | Reached skill level 2 in Transmutations
  1466 | D:6      | Reached skill level 2 in Fire Magic
  1466 | D:6      | Reached skill level 2 in Ice Magic
  1466 | D:6      | Reached skill level 2 in Air Magic
  1466 | D:6      | Reached skill level 2 in Earth Magic
  1466 | D:6      | Reached skill level 2 in Poison Magic
  1475 | D:7      | Identified the Compendium of Blistering Creation
  1550 | D:6      | Reached skill level 3 in Invocations
  1578 | D:7      | Found a deep blue altar of Sif Muna.
  1588 | D:7      | Reached XP level 8. HP: 40/63 MP: 4/16
  1642 | D:6      | Found Pijenn Qyrho's Distillery.
  1648 | D:6      | Bought a potion of might for 48 gold pieces
  1648 | D:6      | Bought a potion of invisibility for 96 gold pieces
  1678 | D:6      | Reached skill level 6 in Charms
  1684 | D:6      | Found a blossoming altar of Fedhas.
  1782 | D:7      | Reached skill level 3 in Short Blades
  1782 | D:7      | Reached skill level 3 in Long Blades
  1782 | D:7      | Reached skill level 3 in Maces & Flails
  1782 | D:7      | Reached skill level 3 in Polearms
  1782 | D:7      | Reached skill level 3 in Staves
  1782 | D:7      | Reached skill level 3 in Slings
  1782 | D:7      | Reached skill level 3 in Bows
  1782 | D:7      | Reached skill level 3 in Crossbows
  1782 | D:7      | Reached skill level 3 in Throwing
  1782 | D:7      | Reached skill level 4 in Armour
  1782 | D:7      | Reached skill level 3 in Stealth
  1782 | D:7      | Reached skill level 3 in Shields
  1782 | D:7      | Reached skill level 3 in Unarmed Combat
  1782 | D:7      | Reached skill level 3 in Evocations
  1795 | D:7      | Reached * piety under Cheibriados
  1805 | D:7      | Reached skill level 6 in Spellcasting
  1828 | D:7      | Found a glowing golden altar of the Shining One.
  1938 | D:7      | Noticed Menkaure
  1943 | D:7      | Killed Menkaure
  1965 | D:7      | Got a faintly humming leather armour
  1977 | D:7      | Identified the +1 leather armour of Tenacity {Int+2} (You found it on level 7 of the Dungeon)
  2038 | D:8      | Reached skill level 3 in Conjurations
  2038 | D:8      | Reached skill level 3 in Hexes
  2038 | D:8      | Reached skill level 3 in Summonings
  2038 | D:8      | Reached skill level 3 in Necromancy
  2038 | D:8      | Reached skill level 3 in Translocations
  2038 | D:8      | Reached skill level 3 in Transmutations
  2038 | D:8      | Reached skill level 3 in Fire Magic
  2038 | D:8      | Reached skill level 3 in Ice Magic
  2038 | D:8      | Reached skill level 3 in Air Magic
  2038 | D:8      | Reached skill level 3 in Earth Magic
  2038 | D:8      | Reached skill level 3 in Poison Magic
  2038 | D:8      | Reached skill level 4 in Invocations
  2042 | D:8      | Reached XP level 9. HP: 63/69 MP: 11/18
  2043 | D:8      | Reached skill level 6 in Fighting
  2043 | D:8      | Reached skill level 6 in Axes
  2043 | D:8      | Reached skill level 6 in Dodging
  2055 | D:8      | Reached ** piety under Cheibriados
  2068 | D:7      | Noticed a two-headed ogre
  2072 | D:7      | Killed a two-headed ogre
  2072 | D:7      | Reached skill level 4 in Short Blades
  2072 | D:7      | Reached skill level 4 in Long Blades
  2072 | D:7      | Reached skill level 4 in Maces & Flails
  2072 | D:7      | Reached skill level 4 in Polearms
  2072 | D:7      | Reached skill level 4 in Staves
  2072 | D:7      | Reached skill level 4 in Slings
  2072 | D:7      | Reached skill level 4 in Bows
  2072 | D:7      | Reached skill level 4 in Crossbows
  2072 | D:7      | Reached skill level 4 in Throwing
  2072 | D:7      | Reached skill level 5 in Armour
  2072 | D:7      | Reached skill level 4 in Stealth
  2072 | D:7      | Reached skill level 4 in Shields
  2072 | D:7      | Reached skill level 4 in Unarmed Combat
  2072 | D:7      | Reached skill level 4 in Evocations
  2202 | D:9      | Reached skill level 5 in Invocations
  2237 | D:9      | Found a flagged portal.
  2242 | D:9      | Reached *** piety under Cheibriados
  2257 | Bailey   | Entered a bailey
  2280 | D:10     | Entered Level 10 of the Dungeon
  2308 | D:9      | Found an ornate altar of the Wu Jian Council.
  2318 | D:9      | Reached skill level 7 in Spellcasting
  2318 | D:9      | Reached XP level 10. HP: 53/77 MP: 16/20
  2338 | D:9      | Found a shadowy altar of Dithmenos.
  2361 | D:9      | Reached skill level 4 in Conjurations
  2361 | D:9      | Reached skill level 4 in Hexes
  2361 | D:9      | Reached skill level 4 in Summonings
  2361 | D:9      | Reached skill level 4 in Necromancy
  2361 | D:9      | Reached skill level 4 in Translocations
  2361 | D:9      | Reached skill level 4 in Transmutations
  2361 | D:9      | Reached skill level 4 in Fire Magic
  2361 | D:9      | Reached skill level 4 in Ice Magic
  2361 | D:9      | Reached skill level 4 in Air Magic
  2361 | D:9      | Reached skill level 4 in Earth Magic
  2361 | D:9      | Reached skill level 4 in Poison Magic
  2445 | D:9      | Reached skill level 5 in Short Blades
  2445 | D:9      | Reached skill level 5 in Long Blades
  2445 | D:9      | Reached skill level 5 in Maces & Flails
  2445 | D:9      | Reached skill level 5 in Polearms
  2445 | D:9      | Reached skill level 5 in Staves
  2445 | D:9      | Reached skill level 5 in Slings
  2445 | D:9      | Reached skill level 5 in Bows
  2445 | D:9      | Reached skill level 5 in Crossbows
  2445 | D:9      | Reached skill level 5 in Throwing
  2445 | D:9      | Reached skill level 5 in Stealth
  2445 | D:9      | Reached skill level 5 in Shields
  2445 | D:9      | Reached skill level 5 in Unarmed Combat
  2445 | D:9      | Reached skill level 5 in Evocations
  2518 | D:8      | Reached skill level 7 in Charms
  2521 | D:8      | Reached **** piety under Cheibriados
  2548 | D:8      | Noticed Prince Ribbit
  2558 | D:8      | Killed Prince Ribbit
  2641 | D:10     | Reached skill level 7 in Fighting
  2641 | D:10     | Reached skill level 7 in Axes
  2641 | D:10     | Reached skill level 7 in Dodging
  2790 | D:10     | Reached skill level 6 in Armour
  2939 | D:11     | Noticed a cyan ugly thing
  2945 | D:11     | Killed a cyan ugly thing
  2945 | D:11     | Reached skill level 6 in Invocations
  2956 | D:11     | Noticed a two-headed ogre
  2964 | D:11     | Killed a two-headed ogre
  2995 | D:11     | Reached XP level 11. HP: 84/84 MP: 18/22
  3015 | D:11     | Found a frozen archway.
  3039 | D:11     | Reached ***** piety under Cheibriados
  3054 | IceCv    | Entered an ice cave
  3125 | IceCv    | Learned a level 3 spell: Conjure Flame
  3171 | IceCv    | Reached skill level 6 in Short Blades
  3171 | IceCv    | Reached skill level 6 in Long Blades
  3171 | IceCv    | Reached skill level 6 in Maces & Flails
  3171 | IceCv    | Reached skill level 6 in Polearms
  3171 | IceCv    | Reached skill level 6 in Staves
  3171 | IceCv    | Reached skill level 6 in Slings
  3171 | IceCv    | Reached skill level 6 in Bows
  3171 | IceCv    | Reached skill level 6 in Crossbows
  3171 | IceCv    | Reached skill level 6 in Throwing
  3171 | IceCv    | Reached skill level 6 in Stealth
  3171 | IceCv    | Reached skill level 6 in Shields
  3171 | IceCv    | Reached skill level 6 in Unarmed Combat
  3171 | IceCv    | Reached skill level 6 in Evocations
  3177 | IceCv    | Reached skill level 5 in Conjurations
  3177 | IceCv    | Reached skill level 5 in Hexes
  3177 | IceCv    | Reached skill level 5 in Summonings
  3177 | IceCv    | Reached skill level 5 in Necromancy
  3177 | IceCv    | Reached skill level 5 in Translocations
  3177 | IceCv    | Reached skill level 5 in Transmutations
  3177 | IceCv    | Reached skill level 5 in Fire Magic
  3177 | IceCv    | Reached skill level 5 in Ice Magic
  3177 | IceCv    | Reached skill level 5 in Air Magic
  3177 | IceCv    | Reached skill level 5 in Earth Magic
  3177 | IceCv    | Reached skill level 5 in Poison Magic
  3231 | IceCv    | Killed a reaper
  3250 | IceCv    | Reached skill level 8 in Spellcasting
  3266 | IceCv    | Slain by an ice devil

Vault maps used:
D:1:      shiori_arrival_maze, minmay_misc_feat_rows
D:2:      lemuel_round_altar, first_bread
D:3:      minmay_misc_feat_roman
D:4:      minmay_door_path, uniq_blork_the_orc
D:5:      minmay_temple_entry_junction_2
D:6:      serial_shops, kennysheep_mini, tgw_fedhas
D:7:      tso_oasis_becter, nicolae_overflow_hidden_temple, basic_altar,
          uniq_menkaure
D:8:      uniq_prince_ribbit1
D:9:      lemuel_doored_altar, lemuel_crystal_altar, enter_bailey_3,
          hangedman_fish_farm
D:10:     nicolae_ru_the_path_less_chosen
D:11:     lair_entry_dummy, hiddenorc1_lemuel, portal_ice_cave_entry_imps
Temple:   nicolae_temple_elliptical
Bailey:   bailey_polearm_2, bailey
IceCv:    ice_cave_small_demon

Skill      XL: |  1  2  3  4  5  6  7  8  9 10 11 |
---------------+----------------------------------+-----
Spellcasting   | 5 6 7 8 |  8.0
Invocations    | 1 2 3 4 5 6 |  6.7
Short Blades   | 1 2 3 4 5 6 |  6.1
Long Blades    | 1 2 3 4 5 6 |  6.1
Maces & Flails | 1 2 3 4 5 6 |  6.1
Polearms       | 1 2 3 4 5 6 |  6.1
Staves         | 1 2 3 4 5 6 |  6.1
Slings         | 1 2 3 4 5 6 |  6.1
Bows           | 1 2 3 4 5 6 |  6.1
Crossbows      | 1 2 3 4 5 6 |  6.1
Throwing       | 1 2 3 4 5 6 |  6.1
Stealth        | 1 2 3 4 5 6 |  6.1
Shields        | 1 2 3 4 5 6 |  6.1
Unarmed Combat | 1 2 3 4 5 6 |  6.1
Evocations     | 1 2 3 4 5 6 |  6.1
Conjurations   | 1 2 3 4 5 |  5.0
Hexes          | 1 2 3 4 5 |  5.0
Summonings     | 1 2 3 4 5 |  5.0
Necromancy     | 1 2 3 4 5 |  5.0
Translocations | 1 2 3 4 5 |  5.0
Transmutations | 1 2 3 4 5 |  5.0
Fire Magic     | 1 2 3 4 5 |  5.0
Ice Magic      | 1 2 3 4 5 |  5.0
Air Magic      | 1 2 3 4 5 |  5.0
Earth Magic    | 1 2 3 4 5 |  5.0
Poison Magic   | 1 2 3 4 5 |  5.0
Armour         | 3 4 5 6 |  6.7
Fighting       | 5 6 7 |  7.7
Axes           | 5 6 7 |  7.7
Dodging        | 5 6 7 |  7.7
Charms         | 6 7 |  7.5

Action                   |  1- 3 |  4- 6 |  7- 9 | 10-12 || total
-------------------------+-------+-------+-------+-------++-------
Melee: Hand axe          |    43 |    72 |    45 |       ||   160
       Bite              |     3 |    10 |    17 |    24 ||    54
       Punch             |       |     1 |     2 |       ||     3
       Battleaxe         |       |       |    71 |   148 ||   219
Throw: Tomahawk          |       |       |     1 |     1 ||     2
 Cast: Infusion          |     3 |       |       |       ||     3
       Spectral Weapon   |     3 |    10 |    18 |    26 ||    57
       Regeneration      |     1 |     1 |     9 |     8 ||    19
       Song of Slaying   |       |     4 |     6 |     8 ||    18
       Shroud of Golubri |       |     1 |     2 |     1 ||     4
Invok: Bend Time         |       |       |       |     1 ||     1
Evoke: Wand              |       |       |       |     3 ||     3
  Use: Scroll            |       |     7 |     3 |     2 ||    12
       Potion            |       |     2 |       |       ||     2
 Stab: Distracted        |       |       |     1 |     4 ||     5
       Paralysed         |       |       |       |     3 ||     3
       Sleeping          |       |       |       |     3 ||     3
  Eat: Chunk             |       |     2 |     3 |     4 ||     9
       Royal jelly       |       |       |     1 |       ||     1
Armor: Leather armour    |     8 |       |    15 |     2 ||    25
       Ring mail         |     1 |    27 |    20 |       ||    48
       Troll leather arm |       |       |       |    27 ||    27
Dodge: Dodged            |    24 |    55 |   119 |   164 ||   362

Table legend:
 A = Spawn XP
 B = Non-spawn XP
 C = Spawn XP percentage of total XP
 D = Spawn monster count
 E = Non-spawn monster count
 F = Spawn count percentage of total count
 G = Total turns spent on level
                    A         B        C        D         E        F      G
               +---------+---------+-------+---------+---------+-------+---------
         Total |       0 |   12671 |   0.0 |       0 |     198 |   0.0 |  3266
               +---------+---------+-------+---------+---------+-------+---------
           D:1 |       0 |      16 |   0.0 |       0 |       9 |   0.0 |   219
           D:2 |       0 |      66 |   0.0 |       0 |      18 |   0.0 |   418
           D:3 |       0 |      27 |   0.0 |       0 |      12 |   0.0 |   203
           D:4 |       0 |     163 |   0.0 |       0 |       8 |   0.0 |   350
           D:5 |       0 |     148 |   0.0 |       0 |       5 |   0.0 |    87
           D:6 |       0 |     834 |   0.0 |       0 |      10 |   0.0 |   399
           D:7 |       0 |    1829 |   0.0 |       0 |      22 |   0.0 |   320
           D:8 |       0 |    1129 |   0.0 |       0 |      20 |   0.0 |   228
           D:9 |       0 |    2137 |   0.0 |       0 |      41 |   0.0 |   330
          D:10 |       0 |     945 |   0.0 |       0 |       7 |   0.0 |   300
          D:11 |       0 |    2652 |   0.0 |       0 |      24 |   0.0 |   132
         IceCv |       0 |    2725 |   0.0 |       0 |      22 |   0.0 |   212
               +---------+---------+-------+---------+---------+-------+---------

Table legend:
 A = Turns spent in this place as a percentage of turns spent in the entire game.
 B = Non-inter-level travel turns spent in this place as a percentage of non-inter-level travel turns spent in the entire game.
 C = Inter-level travel turns spent in this place as a percentage of turns spent in this place.
 D = Turns resting spent in this place as a percentage of non-inter-level travel turns spent in this place.
 E = Turns spent auto-exploring this place as a percentage of non-inter-level travel turns spent in this place.
 F = Non-inter-level travel turns spent in this place divided by the number of levels of this place that you've seen.
                   A       B       C       D       E      F
               +-------+-------+-------+-------+-------+----------------------
         Total | 100.0 | 100.0 |   0.8 |   0.0 |   0.0 | 231.4
       Dungeon |  91.4 |  91.4 |   0.9 |   0.0 |   0.0 | 269.0
        Temple |   1.9 |   1.9 |   0.0 |   0.0 |   0.0 |  63.0
        Bailey |   0.2 |   0.2 |   0.0 |   0.0 |   0.0 |   5.0
      Ice Cave |   6.5 |   6.5 |   0.0 |   0.0 |   0.0 | 212.0
               +-------+-------+-------+-------+-------+----------------------

Table legend:
 A = Kills in this place as a percentage of kills in entire the game.
 B = Kills by you in this place as a percentage of kills by you in the entire game.
 C = Kills by friends in this place as a percentage of kills by friends in the entire game.
 D = Other kills in this place as a percentage of other kills in the entire game.
 E = Experience gained in this place as a percentage of experience gained in the entire game.
 F = Experience gained in this place divided by the number of levels of this place that you have seen.
                   A       B       C       D       E      F
               +-------+-------+-------+-------+-------+----------------------
         Total | 100.0 | 100.0 |   N/A |   N/A | 100.0 | 905.1
       Dungeon |  88.9 |  88.9 |   N/A |   N/A |  78.5 | 904.2
      Ice Cave |  11.1 |  11.1 |   N/A |   N/A |  21.5 | 2725.0
               +-------+-------+-------+-------+-------+----------------------

Vault maps used:
D:1:      shiori_arrival_maze, minmay_misc_feat_rows
D:2:      lemuel_round_altar, first_bread
D:3:      minmay_misc_feat_roman
D:4:      minmay_door_path, uniq_blork_the_orc
D:5:      minmay_temple_entry_junction_2
D:6:      serial_shops, kennysheep_mini, tgw_fedhas
D:7:      tso_oasis_becter, nicolae_overflow_hidden_temple, basic_altar,
          uniq_menkaure
D:8:      uniq_prince_ribbit1
D:9:      lemuel_doored_altar, lemuel_crystal_altar, enter_bailey_3,
          hangedman_fish_farm
D:10:     nicolae_ru_the_path_less_chosen
D:11:     lair_entry_dummy, hiddenorc1_lemuel, portal_ice_cave_entry_imps
Temple:   nicolae_temple_elliptical
Bailey:   bailey_polearm_2, bailey
IceCv:    ice_cave_small_demon
